 Dungeon Crawl Stone Soup version 0.30-a0-476-g330ca2eb8e (webtiles) character file.

Game seed: 11932419894259464198

558 bmack86 the Chopper (level 7, -2/61 HPs)
             Began as a Minotaur Fighter on Dec 22, 2022.
             Was an Initiate of Okawaru.
             Slain by an ice beast (9 damage)
             ... on level 5 of the Dungeon.
             The game lasted 00:11:32 (3435 turns).

bmack86 the Chopper (Minotaur Fighter)              Turns: 3435, Time: 00:11:34

Health: -2/61      AC: 21    Str: 23    XL:     7   Next: 9%
Magic:  6/6        EV:  7    Int:  5    God:    Okawaru [......]
Gold:   243        SH:  4    Dex:  9    Spells: 6/6 levels left

rFire   . . .      SeeInvis .    a - +0 war axe
rCold   . . .      Faith    .    c - +0 buckler
rNeg    . . .      Spirit   .    e - +0 chain mail
rPois   .          Reflect  .    (helmet restricted)
rElec   .          Harm     .    (no cloak)
rCorr   .          Rampage  .    s - +0 pair of gloves
Will    .....                    f - +1 pair of boots
Stlth   ..........               (no amulet)
HPRegen 0.30/turn                p - +4 ring of protection
MPRegen 0.10/turn                w - +4 ring of protection

@: no status effects
A: horns 2, retaliatory headbutt
a: Renounce Religion


You were on level 5 of the Dungeon.
You worshipped Okawaru.
Okawaru was noncommittal.
You visited 1 branch of the dungeon, and saw 5 of its levels.

You collected 243 gold pieces.

Inventory:

Hand Weapons
 a - a +0 war axe (weapon)
Missiles
 k - 3 poisoned darts (quivered)
Armour
 b - a +0 scale mail
 c - a +0 buckler (worn)
 e - a +0 chain mail (worn)
 f - a +1 pair of boots (worn)
 s - a +0 pair of gloves (worn)
 x - a +0 chain mail
Jewellery
 p - a +4 ring of protection (left hand)
 w - a +4 ring of protection (right hand)
 A - a ring of see invisible
 E - a +6 ring of dexterity
Wands
 r - a wand of flame (21)
 v - a wand of mindburst (10)
Scrolls
 g - a scroll of silence
 h - a scroll of acquirement {unknown}
 l - a scroll of immolation {unknown}
 m - 2 scrolls of teleportation {unknown}
 q - a scroll of amnesia {unknown}
 u - a scroll of enchant armour {unknown}
 y - 2 scrolls of magic mapping {unknown}
 z - a scroll of fear {unknown}
Potions
 d - a potion of might
 i - a potion of ambrosia
 j - a potion of brilliance
 n - 2 potions of attraction
 o - 3 potions of curing
 t - a potion of lignification {unknown}
 B - a potion of degeneration {unknown}
 C - a potion of flight {unknown}
 D - a potion of invisibility {unknown}


   Skills:
 + Level 5.2 Fighting
 * Level 5.8 Axes
 + Level 2.4 Throwing
 + Level 5.2 Armour
 + Level 5.1 Shields


You had 6 spell levels left.
You didn't know any spells.
Your spell library contained the following spells:

 Spells                   Type           Power      Damage    Failure   Level
 Freeze                   Ice            0%         1d3       99%         1
 Magic Dart               Conj           0%         1d3       99%         1
 Searing Ray              Conj           0%         2d4       100%        2
 Frozen Ramparts          Ice            0%         1d1       100%        3
 Hailstorm                Conj/Ice       0%         3d3       100%        3
 Fulminant Prism          Conj/Hex       0%         3d5       100%        4


Dungeon Overview and Level Annotations

Branches:
Dungeon (5/15)
 Temple: D:4-7

Altars:
Cheibriados
Dithmenos
Elyvilon
Gozag
Hepliaklqana
Nemelex Xobeh
Okawaru
Qazlal
Sif Muna
Uskayaw
Vehumet
Yredelemnul
Zin
The Shining One

Shops:
D:3 [   D:4 !


Innate Abilities, Weirdness & Mutations

You have a pair of horns on your head.
You reflexively headbutt those who attack you in melee.


Message History

Menkaure shouts!
Menkaure calls on the powers of darkness!
Your body is wracked with pain!
You throw a poisoned dart. The poisoned dart hits Menkaure.
You throw a poisoned dart.
The poisoned dart barely misses Menkaure.
You throw a poisoned dart.
The poisoned dart completely misses Menkaure.
You throw a poisoned dart. The poisoned dart hits Menkaure.
Okay, then.
Okay, then.
An ice beast comes into view.
Menkaure gestures at you while chanting.
Pain shoots through your body!
Menkaure calls on the powers of darkness!
The ice beast convulses!
Your body is wracked with pain!
* * * LOW HITPOINT WARNING * * *
The ice beast hits you but does no damage.
You barely miss Menkaure. You barely miss the ice beast. Menkaure hits you.
* * * LOW HITPOINT WARNING * * *
The ice beast completely misses you. You furiously retaliate!
You headbutt the ice beast. You hit Menkaure.
Menkaure is lightly damaged.
You closely miss the ice beast. Menkaure hits you.
* * * LOW HITPOINT WARNING * * *
The ice beast hits you but does no damage.
You slash Menkaure!
Menkaure is heavily damaged.
You closely miss the ice beast. Menkaure hits you but does no damage.
The ice beast hits you but does no damage.
Menkaure hits you but does no damage.
The ice beast hits you but does no damage.
You slash Menkaure! You headbutt Menkaure.
You destroy Menkaure!
Okawaru accepts your kill.
You slash the ice beast! The ice beast hits you.
* * * LOW HITPOINT WARNING * * *
The ice beast freezes you!
You die...

#.# #.# #.# #.#. .#
##.######.#. ## .#
#......##.#. .#..#
#..###.##.#.##.#..##
#..# #.##.#........ #
##..###.##.##.#.#.#.#
###....##.##..........##
'...............@.......
###....##.#####Y......##
# #...###.# #...#.#.#
........# #..(((..
##.......# ...#.#...#
#.##.##.# #.........#
#.##.##.# ...#.8.#...
#.....#.# ..#......


You could see an ice beast.

Vanquished Creatures
  Menkaure (D:5)
  Duvessa (D:3)
  An orc warrior (D:4)
  Dowan (D:3)
  An orc priest (D:4)
  2 iguanas (D:4)
  Ijyb (D:4)
  Natasha (twice) (D:3)
  6 adders
  An ufetubus (D:4)
  2 worms
  2 dart slugs
  4 orcs
  7 ball pythons
  7 endoplasms
  4 giant cockroaches
  4 goblins
  12 hobgoblins
  A quokka (D:4)
  5 bats
  2 frilled lizards
  10 kobolds
  5 rats
82 creatures vanquished.

Notes
Turn   | Place    | Note
-------+----------+-------------------------------------------
     0 | D:1      | bmack86 the Minotaur Fighter began the quest for the Orb.
     0 | D:1      | Reached XP level 1. HP: 19/19 MP: 0/0
    21 | D:1      | You fall into a shaft and drop 1 floor!
    23 | D:2      | Found a basalt altar of Yredelemnul.
   142 | D:1      | Reached XP level 2. HP: 27/27 MP: 1/1
   452 | D:1      | Reached XP level 3. HP: 33/33 MP: 2/2
  1316 | D:2      | Found a faded altar of an unknown god.
  1574 | D:3      | Found Booblite's Antique Armour Shoppe.
  1637 | D:3      | Reached XP level 4. HP: 40/40 MP: 3/3
  1790 | D:3      | Noticed Natasha
  1800 | D:3      | Killed Natasha
  1801 | D:3      | Reached skill level 1 in Throwing
  1910 | D:3      | Found a hide-covered altar of Uskayaw.
  1913 | D:3      | Found a glowing silver altar of Zin.
  1914 | D:3      | Found a shimmering blue altar of Sif Muna.
  1914 | D:3      | Found a shadowy altar of Dithmenos.
  1915 | D:3      | Found a basalt altar of Yredelemnul.
  1916 | D:3      | Found a sparkling altar of Nemelex Xobeh.
  1919 | D:3      | Found an opulent altar of Gozag.
  2117 | D:3      | Noticed Natasha
  2127 | D:3      | Killed Natasha
  2128 | D:3      | Reached XP level 5. HP: 40/47 MP: 4/4
  2207 | D:4      | Noticed Duvessa
  2207 | D:4      | Noticed Dowan
  2216 | D:4      | Noticed an orc warrior
  2226 | D:3      | Killed Duvessa
  2227 | D:3      | Reached XP level 6. HP: 34/53 MP: 5/5
  2250 | D:3      | Killed Dowan
  2251 | D:3      | Reached skill level 5 in Axes
  2420 | D:4      | Killed an orc warrior
  2421 | D:4      | Reached skill level 5 in Fighting
  2421 | D:4      | Reached skill level 5 in Armour
  2421 | D:4      | Reached skill level 5 in Shields
  2685 | D:4      | Found a white marble altar of Elyvilon.
  2685 | D:4      | Found a hazy altar of Hepliaklqana.
  2687 | D:4      | Found a radiant altar of Vehumet.
  2687 | D:4      | Found a snail-covered altar of Cheibriados.
  2689 | D:4      | Found a stormy altar of Qazlal.
  2689 | D:4      | Found an iron altar of Okawaru.
  2691 | D:4      | Noticed Ijyb
  2700 | D:4      | Became a worshipper of Warmaster Okawaru
  2707 | D:4      | Killed Ijyb
  2708 | D:4      | Reached XP level 7. HP: 36/61 MP: 6/6
  2911 | D:4      | Found Rusam's Distillery.
  3241 | D:4      | Found a glowing golden altar of the Shining One.
  3330 | D:5      | Entered Level 5 of the Dungeon
  3422 | D:5      | Noticed Menkaure
  3435 | D:5      | Killed Menkaure
  3435 | D:5      | Slain by an ice beast

Illustrated notes

Levels and vault maps discovered:
D:1:      minmay_arrival_diagonal_passages, layout_basic, hex_large
D:2:      layout_basic, hellmonk_ecumenical_altar_pennies_from_heaven,
          basic_altar, serial_forest, infiniplex_forest_end_3,
          infiniplex_forest_lined_2, infiniplex_forest_straight_2,
          infiniplex_forest_clump_cross
D:3:      layout_rooms, minitemple, serial_shops, shop, uniq_natasha
D:4:      layout_gridville, nicolae_tso_swordbearing_angel,
          grunt_temple_overflow_open, serial_shops, shop_fountains,
          uniq_duvessa, uniq_ijyb
D:5:      minmay_thinvault, layout_loops_corners,
          minmay_temple_entry_sparse_star, serial_bayou, serial_bayou_pond_a,
          serial_bayou_pond_c, serial_bayou_pond_d, serial_bayou_pond_d,
          uniq_eustachio, uniq_menkaure

Skill      XL: |  1  2  3  4  5  6 |
---------------+-------------------+-----
Axes           | 3 4 5 |  5.8
Shields        | 4 5 |  5.1
Armour         | 4 5 |  5.2
Fighting       | 4 5 |  5.2
Throwing       | 1 2 |  2.4

Action                   |  1- 3 |  4- 6 |  7- 9 || total
-------------------------+-------+-------+-------++-------
Melee: War axe           |    76 |    89 |    32 ||   197
       Headbutt          |     9 |    17 |     6 ||    32
Throw: Dart              |       |       |     4 ||     4
  Use: Scroll            |     4 |       |     1 ||     5
       Potion            |       |     1 |       ||     1
Armor: Scale mail        |    52 |    58 |       ||   110
       Chain mail        |       |    20 |    18 ||    38
Dodge: Dodged            |    41 |    48 |    12 ||   101
Block: Buckler           |    15 |    25 |     2 ||    42

Table legend: (Time is in decaauts)
 A = Elapsed time spent in this place.
 B = Non-inter-level travel time spent in this place.
 C = Inter-level travel time spent in this place.
 D = Time resting spent in this place.
 E = Time spent auto-exploring this place.
 F = Levels seen in this place.
 G = Mean time per level.
                   A        B        C        D        E       F      G
               +--------+--------+--------+--------+--------+-----+--------+
         Total |   3501 |   3434 |     67 |    245 |   2025 |   5 |  700.2 |
       Dungeon |   3501 |   3434 |     67 |    245 |   2025 |   5 |  700.2 |
               +--------+--------+--------+--------+--------+-----+--------+

Top non-repeatable levels by time:
     D:4: 957 daAuts
     D:2: 930 daAuts
     D:3: 833 daAuts
     D:1: 674 daAuts
     D:5: 105 daAuts
